groovejumper, chaotic female elven Wizard -------------------- |.[.%.........^^^^.| |.....------------.| --.----..--------|.| |I--....0......||.| ---@...-.0.0.|...||.| |.....-..|.0.|----|.| |.-......|0--------+| |..-.--.0...| |.....| --......--.-| |.....| --.........| |.....| ---.>---..| |..<..| ----.|..| |.....| ---- |.....| |.....| ------- groovejumper the Thaumaturge Experience level: 9 Strength: 15 Dexterity: 16 Constitution: 13 Intelligence: 20 Wisdom: 13 Charisma: 11 Health: 0(47) Energy: 68(95) AC: 3 Gold: 81 Moves: 6986 Your Inventory: Coins $ - 81 gold pieces Weapons a - a blessed +2 quarterstaff (weapon in hands) A - 12 uncursed +0 darts Armor b - an uncursed thoroughly burnt +0 cloak of magic resistance (being worn) s - a blessed greased +2 fire dragon scale mail (being worn) Comestibles M - 9 uncursed food rations W - an [uncursed] lizard corpse Scrolls i - an uncursed scroll of magic mapping j - an uncursed scroll of remove curse v - 2 uncursed scrolls of light w - a cursed scroll of destroy armor z - an [uncursed] scroll called earth [of earth] B - a [blessed] scroll called earth [of earth] C - 2 [uncursed] scrolls of identify D - an uncursed scroll of remove curse K - an uncursed scroll of create monster Potions f - 10 uncursed potions of water F - an uncursed potion of enlightenment L - an uncursed potion of invisibility Rings d - an uncursed ring of regeneration e - a blessed +2 ring of gain constitution Tools u - an [uncursed +0] unicorn horn G - an [uncursed +0] unicorn horn R - an uncursed magic marker (0:66) Spells known in the end: Name Level Category Fail Memory a - force bolt 1 attack 0% [||||||..] b - detect food 2 divination 0% [||||||..] c - cure blindness 2 healing 0% [||||||..] d - identify 3 divination 56% [||||||..] e - haste self 3 escape 56% [|||||||.] f - magic missile 2 attack 0% [|||||||.] g - dig 5 matter 100% [||||||||] Your skills at the end: Fighting Skills Weapon Skills quarterstaff [Skilled / Expert] Spellcasting Skills attack spells [Skilled / Expert] enchantment spells [Basic / Skilled] Final Attributes: You were piously aligned. Hunger level was 816. Your alignment was 44 / 44. Monster difficulty range was 1 - 8. Level difficulty was 7. You were immune to fire. You were immune to sleep. You resisted poison. You were magic-protected. You were blinded. You saw invisible. You had infravision. You were lucky (1). You are dead. Vanquished creatures: a pyrolisk a tiger a dwarf king an ochre jelly a chameleon 2 giant beetles 2 leprechauns a giant spider a vampire bat 2 gnome kings 2 dwarf mummies a lizard a dingo 2 dwarf lords a blue jelly a white unicorn a gray unicorn a dust vortex 2 ravens 5 fire ants a bugbear a wood nymph a water nymph 2 mountain nymphs 4 rock piercers 3 rock moles 3 ponies a fog cloud a yellow light 3 gnome lords a gnomish wizard a kobold mummy 2 gray oozes an elf zombie a ghoul a straw golem 3 giant ants a little dog 2 dwarves 8 hill orcs 7 rothes 2 rabid rats a centipede 3 dwarf zombies a werejackal 3 iguanas 3 acid blobs a gas spore 4 manes a large kobold a hobgoblin 2 giant rats 4 cave spiders 2 yellow molds a green mold a gnome 6 Keystone Kops 6 garter snakes 4 geckos 2 kobolds a goblin 3 sewer rats 7 grid bugs 5 bats 3 lichens a kobold zombie 5 newts 151 creatures vanquished. Voluntary challenges: You used a wielded weapon 160 times. You read items or engraved 56 times. You put on armor 11 times. You never genocided any monsters. You never polymorphed an object. You never changed form. You used 1 wish. You did not wish for any artifacts. You wrote Elbereth's name 38 times. You never encountered a bones level. You never used any Sokoban shortcuts. Dungeon overview: The Dungeons of Doom: levels 1 to 9 Level 1 a long staircase Level 2 a general store Level 3 a fountain a long staircase Level 4 a fountain Level 8 many fountains Level 9 a fountain, a sink stairs to Sokoban Sokoban: levels 7 to 8 Level 7 <- You were here Level 8 a magic chest stairs to The Dungeons of Doom History has recorded: On T:1 you entered the Dungeons of Doom to retrieve the Amulet of Yendor! On T:320 you reached level 2 of The Dungeons of Doom. On T:363 you advanced to experience level 2. On T:512 you wished for "blessed greased +2 gold dragon scales". On T:641 you advanced to experience level 3. On T:775 you advanced to experience level 4. On T:790 you reached level 3 of The Dungeons of Doom. On T:899 you advanced to experience level 5. On T:1393 you advanced to experience level 6. On T:1698 you reached level 4 of The Dungeons of Doom. On T:2125 you reached level 5 of The Dungeons of Doom. On T:2424 you advanced to experience level 7. On T:2548 you reached level 6 of The Dungeons of Doom. On T:3947 you advanced to experience level 8. On T:4063 you reached level 7 of The Dungeons of Doom. On T:4557 you reached level 8 of The Dungeons of Doom. On T:4714 you received advice from The Oracle. On T:5048 you advanced to experience level 9. On T:5686 you reached level 9 of The Dungeons of Doom. On T:5791 you reached level 3 of Sokoban. On T:6344 you reached level 2 of Sokoban. Latest messages: [HP+1=12] You kill the fire ant! The magic missile bounces! You see here a fire ant corpse. Blecch! Rotten food! Everything suddenly goes dark. [HP+1=13] You can see again. You hit the raven! The raven bites! The raven blinds you! It bites! [HP-10=3] You write "Elbereth" with your fingers into the dust. It bites! You die... Final status: Goodbye groovejumper the Wizard... You died in Sokoban on dungeon level 7 with 12106 points, and 81 pieces of gold, after 6986 moves. You were level 9 with a maximum of 47 hit points when you died.